 Dungeon Crawl Stone Soup version 0.31-a0-188-g5e087ee2ca (webtiles) character file.

Game seed: 1631420205545516644

6186 promet the Covert (level 10, 0/62 (73) HPs)
             Began as an Octopode Brigand on June 22, 2023.
             Was a Believer of Dithmenos.
             Slain by Josephine
             ... wielding a +0 dagger
              (8 damage)
             ... on level 10 of the Dungeon on June 23, 2023.
             The game lasted 01:29:16 (14889 turns).

promet the Covert (Octopode Brigand)               Turns: 14889, Time: 01:29:17

HP:   0/62 (73)     AC:  1    Str: 11    XL:     10   Next: 91%
MP:   10/10         EV: 10    Int: 16    God:    Dithmenos [**....]
Gold: 533           SH: 14    Dex: 15    Spells: 7/9 levels left

rFire   . . .        c - +8 demon blade (elec)
rCold   . . .        m - +1 tower shield
rNeg    . . .        (helmet restricted)
rPois   .            M - amulet of faith
rElec   .            i - ring of willpower
rCorr   .            p - ring of willpower
SInv    .            (no ring)
Will    ++...        (no ring)
Stlth   +++++++      (no ring)
HPRegen 0.30/turn    (no ring)
MPRegen 0.12/turn    (no ring)
                     (no ring)

%: faith
@: wreathed by umbra, studying Stealth, heavily drained
A: almost no armour, amphibious, 8 rings, camouflage 1, gelatinous body 1,
(nimble swimmer 1), tentacles
a: Renounce Religion, Shadow Step


You were on level 10 of the Dungeon.
You worshipped Dithmenos.
Dithmenos was pleased with you.
You visited 2 branches of the dungeon, and saw 11 of its levels.

You collected 533 gold pieces.

Inventory:

Hand Weapons
 a - a +2 rapier of draining
 b - a +0 orcbow
 c - a +8 demon blade of electrocution (weapon)
 d - a +0 short sword
 f - a +0 spear
 l - a +0 war axe
 o - a +1 war axe of electrocution
 q - a +3 dagger
 s - a +1 whip of venom
 w - a +0 long sword
 y - the +6 spear of Foul Odours {antimagic, Contam Str+4}
   (You found it on level 5 of the Dungeon)

   Str:       It affects your strength (+4).
   Contam:    It causes magical contamination when unequipped.
 C - a +2 flail of protection
 G - a +1 vampiric falchion
 I - a +0 sling
 N - a +1 dagger of venom
 P - a +2 vampiric whip
Missiles
 e - 106 stones (quivered)
 n - 43 poisoned darts
 r - a throwing net
 t - 11 boomerangs
 v - a curare-tipped dart
Armour
 m - a +1 tower shield (worn)
Magical Staves
 j - a staff of death
Jewellery
 i - a ring of willpower (left tentacle)
 p - a ring of willpower (right tentacle)
 M - an amulet of faith (around mantle)
Wands
 h - a wand of flame (45)
 D - a wand of light (8)
 O - a wand of charming (3)
 R - a wand of iceblast (5)
Scrolls
 g - a scroll of fog
 u - 2 scrolls of teleportation
 E - a scroll of fear
 Q - a scroll of enchant armour
Potions
 k - 2 potions of cancellation
 x - 2 potions of enlightenment
 A - a potion of attraction
 B - a potion of brilliance
 F - a potion of resistance
 H - a potion of curing
 J - 3 potions of lignification


   Skills:
 * Level 8.5 Fighting
 + Level 3.5(6.1) Short Blades
 + Level 7.7(8.1) Long Blades
 + Level 5.3 Ranged Weapons
 + Level 3.5 Throwing
 + Level 4.3 Dodging
 + Level 11.2 Stealth
 + Level 3.9 Shields
 * Level 2.0 Poison Magic
 + Level 0.3 Evocations


You had 7 spell levels left.
You knew the following spells:

 Your Spells              Type           Power      Damage    Failure   Level
a - Poisonous Vapours     Pois/Air       6%         N/A       99%         2

Your spell library contained the following spells:

 Spells                   Type           Power      Damage    Failure   Level
 Sting                    Tmut/Pois      12%        1d3       98%         1
 Necrotise                Necr           0%         1d4       99%         1
 Shock                    Conj/Air       0%         1d3       99%         1
 Lesser Beckoning         Tloc           0%         N/A       100%        2
 Gell's Gravitas          Tloc           0%         N/A       100%        3
 Swiftness                Air            0%         N/A       100%        3
 Teleport Other           Tloc           0%         N/A       100%        3
 Vampiric Draining        Necr           0%         2d6       100%        3
 Airstrike                Air            0%         2d(0-16)  100%        4
 Olgreb's Toxic Radiance  Pois           6%         N/A       100%        4
 Agony                    Necr           0%         N/A       100%        5
 Summon Forest            Summ/Tloc      0%         N/A       100%        5
 Eringya's Noxious Bog    Tmut/Pois      1%         N/A       100%        6
 Summon Hydra             Summ           0%         N/A       100%        7
 Borgnjor's Revivificati  Necr           0%         N/A       100%        8
 Necromutation            Tmut/Necr      0%         N/A       100%        8
 Death's Door             Necr           0%         N/A       100%        9


Dungeon Overview and Level Annotations

Branches:
Dungeon (10/15)            Temple (1/1) D:5
   Lair: D:8-11         Orc: D:9-12

Altars:
Ashenzari
Cheibriados
Dithmenos
Elyvilon
Fedhas
Gozag
Hepliaklqana
Kikubaaqudgha
Makhleb
Nemelex Xobeh
Okawaru
Qazlal
Ru
Sif Muna
Trog
Uskayaw
Vehumet
Wu Jian
Xom
Yredelemnul
Zin
The Shining One

Shops:
D:6 (

Annotations:
D:3 2 transporters, rinse's ghost, amateur OpTm
D:10 Josephine


Innate Abilities, Weirdness & Mutations

You cannot wear most types of armour.
You are amphibious.
You can wear up to eight rings at the same time.
Your skin changes colour to match your surroundings (Stealth+).
Your rubbery body absorbs attacks. (AC +1, EV +1)
((You are camouflaged when in or above water. (Stealth+)))
You have tentacles for arms and can constrict up to eight enemies at once.


Message History

You start waiting.
Done waiting.
There is a stone staircase leading up here.
Your +8 demon blade of electrocution stops crackling.
You sense an unholy aura.
a - a +2 rapier of draining (weapon)
You block Josephine's attack.
You hear the crackle of electricity.
c - a +8 demon blade of electrocution (weapon)
You slice Josephine!! You grab Josephine.
Josephine is moderately wounded.
You constrict Josephine. You block Josephine's attack.
Josephine points at you and mumbles some strange words.
The ghostly flame explodes!
The ghostly fireball engulfs you!!!
You feel drained.
Ouch! That really hurt!
The ghostly fireball engulfs Josephine.
Josephine completely resists.
You feel much better.
You constrict Josephine.
Josephine points at you and mumbles some strange words.
The ghostly flame explodes!
The ghostly fireball engulfs you!!
You feel drained.
The ghostly fireball engulfs Josephine.
Josephine completely resists.
You slash Josephine!
You squeeze Josephine, but do no damage.
Josephine is heavily wounded.
You constrict Josephine. Josephine casts a spell at you.
The ghostly flame explodes!
The ghostly fireball engulfs you!
You feel drained.
* * * LOW HITPOINT WARNING * * *
The ghostly fireball engulfs Josephine.
Josephine completely resists.
You slice Josephine!! You tentacle-slap Josephine.
Josephine is almost dead.
You constrict Josephine.
A wraith comes into view.
Josephine barely misses you.
You barely miss Josephine. Your squeeze misses Josephine.
Josephine is almost dead.
You constrict Josephine. Josephine hits you but does no damage.
Josephine hits you with a +0 dagger!
You die...

..# #..# #..#
#W.# #.. #..#
#..########..#
####............#
..............@.#
.............@.#
#............# .#
#..>.........# .#
#............# .#
#.........<..# .#
#............# .#
#............# .#
#............# .#
#............#


You could see Josephine and a wraith.

Vanquished Creatures
  A two-headed ogre (D:6)
  A hornet (D:4)
  Grinder (D:5)
  Prince Ribbit (D:5)
  Sigmund (D:4)
  A wyvern (D:9)
  5 yaks (D:8)
  2 wraiths
  3 steam dragons
  Edmund (D:6)
  2 water moccasins
  An ice beast (D:6)
  Pargi (D:3)
  3 sky beasts (D:7)
  A black bear (D:6)
  2 centaurs
  2 kobold brigands
  2 phantoms
  Blork the orc (D:6)
  5 bullfrogs
  2 scorpions
  A gnoll sergeant (D:8)
  6 wights
  7 killer bees
  4 howler monkeys
  A jelly (D:6)
  An orc priest (D:8)
  Crazy Yiuf (D:4)
  2 gnoll boudas
  A hound (D:5)
  4 iguanas
  4 orc wizards
  8 adders
  14 gnolls
  A shadow imp (D:8)
  A white imp (D:6)
  2 worms (D:2)
  3 dart slugs
  22 orcs
  6 ball pythons
  11 endoplasms
  3 giant cockroaches
  3 goblins
  9 hobgoblins
  5 jackals
  13 kobolds
  7 quokkas
  3 bats
  7 frilled lizards
  3 rats
192 creatures vanquished.

Notes
Turn   | Place    | Note
-------+----------+-------------------------------------------
     0 | D:1      | promet the Octopode Brigand began the quest for the Orb.
     0 | D:1      | Reached XP level 1. HP: 14/14 MP: 1/1
    22 | D:1      | Noticed a polar bear
    22 | D:1      | Noticed a wolf
    23 | D:1      | Noticed a komodo dragon
    23 | D:1      | Noticed a rime drake
   332 | D:1      | Reached XP level 2. HP: 19/19 MP: 2/2
   773 | D:1      | Reached skill level 6 in Stealth
  1494 | D:1      | Reached XP level 3. HP: 24/24 MP: 3/3
  2574 | D:2      | Reached skill level 7 in Stealth
  2724 | D:2      | Reached XP level 4. HP: 29/29 MP: 4/4
  3585 | D:3      | Identified a scroll of acquirement
  3585 | D:3      | Acquired a +6 demon blade of electrocution
  3694 | D:3      | Noticed rinse's ghost (amateur OpTm)
  3696 | D:3      | Found a transporter.
  3743 | D:3      | Found a transporter.
  3986 | D:3      | Noticed Pargi
  3992 | D:3      | Killed Pargi
  3993 | D:3      | Reached skill level 8 in Stealth
  3993 | D:3      | Reached XP level 5. HP: 36/36 MP: 5/5
  4122 | D:3      | Found a glowing golden altar of the Shining One.
  4495 | D:4      | Noticed a phantom
  4507 | D:4      | Killed a phantom
  4508 | D:4      | Reached XP level 6. HP: 35/42 MP: 6/6
  4648 | D:4      | Reached skill level 1 in Shields
  4861 | D:4      | Reached XP level 7. HP: 8/47 MP: 7/7
  5088 | D:4      | Noticed Sigmund
  5093 | D:4      | Killed Sigmund
  5094 | D:4      | Reached skill level 1 in Long Blades
  5094 | D:4      | Reached skill level 9 in Stealth
  5291 | D:4      | Noticed a hornet
  5333 | D:4      | Killed a hornet
  5334 | D:4      | Reached skill level 1 in Ranged Weapons
  5334 | D:4      | Reached XP level 8. HP: 41/54 MP: 8/8
  6160 | D:4      | Found a runed translucent door.
  6161 | D:4      | Noticed Crazy Yiuf
  6168 | D:4      | Killed Crazy Yiuf
  6351 | D:5      | Entered Level 5 of the Dungeon
  6421 | D:5      | Found a staircase to the Ecumenical Temple.
  6436 | D:5      | Identified the +6 spear of Foul Odours {antimagic, Contam
                  | Str+4}
  6451 | Temple   | Entered the Ecumenical Temple
  6886 | D:5      | Reached skill level 5 in Fighting
  7188 | D:5      | Noticed Grinder
  7200 | D:5      | Killed Grinder
  7274 | D:5      | Noticed Prince Ribbit
  7285 | D:5      | Killed Prince Ribbit
  7753 | D:5      | Found a faded altar of an unknown god.
  7753 | D:5      | Found a shadowy altar of Dithmenos.
  7761 | D:5      | Found an ancient bone altar of Kikubaaqudgha.
  7768 | D:5      | Became a worshipper of Dithmenos the Shadowed
  7773 | D:5      | Found a white marble altar of Elyvilon.
  7775 | D:5      | Found a faded altar of an unknown god.
  7813 | D:6      | Noticed Edmund
  7819 | D:6      | Killed Edmund
  7820 | D:6      | Reached XP level 9. HP: 62/62 MP: 9/9
  7850 | D:6      | Found Eteukomm's Weapon Emporium.
  8431 | D:6      | Noticed Blork the orc
  8438 | D:6      | Killed Blork the orc
  8450 | D:6      | Noticed a two-headed ogre
  8454 | D:6      | Killed a two-headed ogre
  8455 | D:6      | Reached skill level 5 in Long Blades
  9396 | D:6      | Reached skill level 10 in Stealth
  9706 | D:7      | Reached XP level 10. HP: 71/71 MP: 10/10
  9716 | D:7      | Learned a level 2 spell: Poisonous Vapours
 10505 | D:7      | Found an opulent altar of Gozag.
 10526 | D:7      | Reached * piety under Dithmenos
 10979 | D:7      | Acquired a manual of Stealth
 11321 | D:7      | Reached skill level 5 in Ranged Weapons
 12393 | D:7      | Reached ** piety under Dithmenos
 13526 | D:9      | Upgraded the game from 0.31-a0-187-gba352fbbf7 to
                  | 0.31-a0-188-g5e087ee2ca
 13635 | D:9      | Reached skill level 1 in Poison Magic
 14156 | D:9      | Found a basalt altar of Yredelemnul.
 14161 | D:9      | Reached skill level 11 in Stealth
 14481 | D:10     | Entered Level 10 of the Dungeon
 14486 | D:10     | Noticed Josephine
 14889 | D:10     | Slain by Josephine

Illustrated notes

Levels and vault maps discovered:
D:1:      onia_arrival_zoo_common, layout_basic
D:2:      layout_loops_ring, minmay_tromino_v4_b
D:3:      layout_basic, mainiacjoe_overflow_chevrons, serial_rivers,
          chequers_serial_rivers_large_a, chequers_serial_rivers_small_a,
          chequers_serial_rivers_micro_e, chequers_serial_rivers_micro_c,
          gammafunk_ghost_gnarly_gnolls, minmay_door_square,
          kennysheep_nondescript, minmay_misc_feat_columns,
          nicolae_elevator_lobby_asterisk, uniq_pargi
D:4:      wander_river, layout_basic, minmay_crystal_water, grunt_ministairs_5,
          uniq_sigmund, uniq_crazy_yiuf_cottage
D:5:      layout_cave_pools, chequers_temple_overflow_minitemple,
          temple_statues, uniq_grinder, uniq_prince_ribbit1
D:6:      layout_basic, serial_shops, nicolae_shop_tiny_waterfront, uniq_edmund,
          uniq_blork_the_orc
D:7:      layout_basic, grunt_gozag_breadcrumbs, skrybe_limestone_x
D:8:      layout_cave_pods
D:9:      layout_gridville, mainiacjoe_overflow_brackets
D:10:     layout_long_grid, david_lair_generic, glass_columns_a, uniq_snorg,
          uniq_josephine
Temple:   eino_temple_scatter_basement

Skill      XL: |  1  2  3  4  5  6  7  8  9 10 |
---------------+-------------------------------+-----
Stealth        | 6 7 8 9 10 11 | 11.2
Fighting       | 3 4 5 7 8 |  8.5
Short Blades   | 3 |  3.5
Shields        | 1 2 3 |  3.9
Dodging        | 2 3 4 |  4.3
Long Blades    | 2 4 5 7 |  7.7
Ranged Weapons | 1 3 4 5 |  5.3
Throwing       | 3 |  3.5
Poison Magic   | 2 |  2.0
Evocations     | |  0.3

Action                     |  1- 3 |  4- 6 |  7- 9 | 10-12 || total
---------------------------+-------+-------+-------+-------++-------
  Melee: Dagger            |    87 |    35 |    25 |     5 ||   152
         Constrict         |    17 |    10 |    21 |    22 ||    70
         Tentacles         |    18 |    13 |    18 |    22 ||    71
         Punch             |     2 |       |     2 |     3 ||     7
         Demon blade       |       |    21 |    89 |    95 ||   205
         Rapier            |       |       |       |     7 ||     7
   Fire: Sling             |       |     6 |    61 |     8 ||    75
         Orcbow            |       |       |       |    14 ||    14
  Throw: Stone             |     3 |     4 |       |       ||     7
         Dart              |       |       |    13 |       ||    13
         Boomerang         |       |       |       |    19 ||    19
  Evoke: Wand              |       |       |     3 |       ||     3
    Use: Scroll            |     2 |     8 |     6 |    10 ||    26
         Potion            |       |     1 |     2 |     1 ||     4
   Stab: Sleeping          |    10 |     9 |     7 |     6 ||    32
         Invisible         |       |       |     1 |       ||     1
         Distracted        |       |       |       |     1 ||     1
 Armour: Skin              |     5 |     7 |       |     2 ||    14
  Dodge: Dodged            |    34 |    17 |    32 |    56 ||   139
  Block: Tower shield      |     5 |    26 |    73 |     5 ||   109

Table legend: (Time is in decaauts)
 A = Elapsed time spent in this place.
 B = Non-inter-level travel time spent in this place.
 C = Inter-level travel time spent in this place.
 D = Time resting spent in this place.
 E = Time spent auto-exploring this place.
 F = Levels seen in this place.
 G = Mean time per level.
                   A        B        C        D        E       F      G
               +--------+--------+--------+--------+--------+-----+--------+
         Total |  15001 |  14619 |    382 |   4807 |   2764 |  11 | 1363.7 |
       Dungeon |  14769 |  14405 |    364 |   4807 |   2689 |  10 | 1476.9 |
        Temple |    231 |    213 |     18 |      0 |     75 |   1 |  231.0 |
               +--------+--------+--------+--------+--------+-----+--------+

Top non-repeatable levels by time:
     D:4: 2116 daAuts
     D:7: 1996 daAuts
     D:1: 1939 daAuts
     D:8: 1867 daAuts
     D:6: 1616 daAuts
     D:3: 1363 daAuts
     D:5: 1318 daAuts
     D:9: 1093 daAuts
     D:2: 1073 daAuts
    D:10: 383 daAuts
  Temple: 231 daAuts
